[Event "Svetozar Gligoric Masters 2022"]
[Site "Belgrade"]
[Date "2022.07.22"]
[Round "8.19"]
[White "Yordanov, Lachezar"]
[Black "Ilamparthi A R"]
[Result "0-1"]
[ECO "E73"]
[WhiteElo "2316"]
[BlackElo "2153"]
[Annotator "TA"]
[PlyCount "114"]
[EventDate "2022.07.18"]
[EventCountry "SRB"]
[SourceTitle "playchess.com"]
[Source "ChessBase"]
[SourceQuality "1"]
[TimeControl "40/5400+30:900+30"]

1. d4 Nf6 2. c4 g6 3. Nc3 Bg7 4. e4 d6 5. Be2 O-O 6. Be3 e5 7. d5 Na6 8. g4 {E73: King's Indian: Averbakh Variation without 6...c5.} Nc5 9. f3 h5 {The modern move.} 10. g5 {White is slightly better.} Nh7 11. h4 f6 12. gxf6 Bxf6 13. Bf2 Be7 14. Kd2 c6 15. Kc2 cxd5 16. cxd5 (16. Qxd5+ $16 Be6 17. Qd2) 16... Qc7 (16... Bd7 $14) 17. Qe1 (17. Nb5 $1 $16 Qd8 18. Bxc5 dxc5 19. d6 Bxh4 20. Qd5+ Kh8 21. Rd1 (21. Qxe5+ Bf6 $11)) 17... Bd7 (17... Na4 {is interesting.} 18. Rc1 Nxc3 19. bxc3 b5) 18. Rc1 $1 {[#]} Rab8 $146 ({Predecessor:} 18... b5 19. Kb1 b4 20. Nd1 Rab8 21. Qf1 Qa5 22. Bxc5 dxc5 23. Ne3 Rf4 24. Qg2 Nf8 {½-½ (33) Niedbala,B (2379)-Weinzettl,E (2166) Bohumin 2020}) 19. Kb1 b5 (19... Qa5 $14) 20. Nd1 (20. b4 $18) 20... a5 21. Nh3 Rfc8 (21... Be8 $142) 22. Qd2 (22. f4 $142) 22... Kg7 (22... Bf6 $142) 23. Ne3 (23. Be3 $16) 23... Qd8 (23... Bf8 $14) 24. Rcg1 $1 $16 Qf8 {Prevents Nf5+.} 25. Ka1 (25. Qxa5 $2 b4 26. Nc4 Rb5 $19) (25. Bd1 $16) 25... Rc7 $11 26. Nf5+ (26. Qxa5 Nb3+ $1 27. axb3 Ra8 28. Qxa8 Qxa8+ 29. Kb1 Qc8 $17) 26... Bxf5 27. exf5 (27. Be3 {is more complex.} Kh8 28. exf5 Qxf5 29. Bxc5 Rxc5 30. Bd3) 27... Qxf5 28. Bxc5 Rxc5 29. Bd3 $1 Rxd5 30. Bxf5 {[%cal Od2h6] Threatening mate with Qh6+!} Rxd2 31. Rxg6+ Kf7 $1 32. Rhg1 {Threatens to win with Rg7+.} Nf8 33. Rg7+ (33. Ng5+ $11 {keeps the balance.} Bxg5 34. R6xg5) 33... Kf6 $1 $17 (33... Ke8 34. Kb1 $15) 34. Bb1 {[#]} Rh2 $1 35. R7g3 {[#]} ({White should try} 35. Be4 Rc8 36. R7g3) 35... d5 $1 ({Not} 35... Ke6 36. f4 $17) 36. Rc1 {Prevents Bc5.} Kf7 ({And not} 36... Ke6 37. Ng5+ Kd7 38. Rd1 $15) 37. Ng5+ Ke8 38. Nh7 Kd7 ({But not} 38... Bxh4 $6 39. Rg7 $11) (38... a4 $17 {And now ...a3 would win.} 39. Rg8 Rxh4 40. Nxf8 Bxf8) 39. Bf5+ $2 {This move loses the game for White.} (39. Rg7 $1 $11 {and White has nothing to worry.}) 39... Kd6 $19 40. Ng5 Bxg5 41. hxg5 (41. Rxg5 $17 Rxh4 42. Rd1) 41... Ne6 42. Bxe6 (42. g6 $142 h4 43. Rg4) 42... Kxe6 {[%mdl 4096] Endgame KRR-KRR} 43. g6 h4 44. Rg4 h3 45. Rg3 $2 (45. a4 {was worth a try.} bxa4 46. g7) 45... Rc8 46. Rb1 (46. Kb1 Rg8 47. Rc2 Rh1+ 48. Rc1 Rxc1+ 49. Kxc1) 46... d4 47. a4 b4 48. g7 Kf7 49. Re1 b3 {Strongly threatening ...d3.} 50. f4 {[#]} Re2 $3 51. Rh1 (51. Rd1 Re3) 51... Re3 {Black mates.} 52. Rg5 d3 53. Rf5+ Kg8 54. fxe5 d2 55. Rff1 Rxe5 56. Rd1 Re2 57. Kb1 h2 {Weighted Error Value: White=0.51/Black=0.16 (very precise)} 0-1

[Event "Svetozar Gligoric Masters 2022"]
[Site "Belgrade"]
[Date "2022.07.22"]
[Round "8.20"]
[White "Nitish Belurkar"]
[Black "Makaraci, Tunahan"]
[Result "1/2-1/2"]
[ECO "B38"]
[WhiteElo "2460"]
[BlackElo "2130"]
[Annotator "TA"]
[PlyCount "114"]
[EventDate "2022.07.18"]
[EventCountry "SRB"]
[SourceTitle "playchess.com"]
[Source "ChessBase"]
[SourceQuality "1"]
[TimeControl "40/5400+30:900+30"]

1. e4 c5 2. Nf3 Nc6 3. d4 cxd4 4. Nxd4 g6 5. c4 Bg7 6. Be3 Qb6 7. Nb3 Qd8 8. Nd4 Qb6 9. Nb3 {B38: Sicilian: Maroczy Bind with 5...Bg7 and 7...0-0.} (9. Nb5 $5 Qa5+ 10. N1c3 $14) 9... Qd8 10. Nc3 Bxc3+ {10...Bxc3+ has lost popularity.} 11. bxc3 Nf6 12. f3 d6 13. Qd2 b6 {[#]} 14. Bd4 $146 ({Predecessor:} 14. Bh6 Rg8 15. Rd1 Qc7 16. Nd4 Ne5 17. Nb5 Qc6 18. Bg5 Nfd7 19. Qd5 Qxd5 20. cxd5 f6 21. Nc7+ Kd8 22. Ne6+ {1-0 (47) Hardaway,B (2169)-Canty,J (2201) New York 2022}) 14... Nxd4 15. cxd4 O-O 16. Be2 e5 17. O-O Ba6 18. Qb2 Re8 19. Rfd1 Qc7 20. Rac1 Rad8 21. Rd2 Bb7 22. Rcd1 Rc8 23. Qa3 Kg7 24. Rc1 ({Don't go for} 24. Qxa7 $2 Ra8 25. Qxa8 Rxa8 $19) 24... Red8 25. Qb2 ({Not} 25. Qxa7 $2 Ra8 26. Qxa8 Rxa8 $19) 25... Qe7 26. c5 bxc5 (26... exd4 {is more complex.} 27. cxb6 d5 28. e5 Qxe5 29. bxa7 Qe3+) 27. dxe5 dxe5 28. Rxd8 Rxd8 29. Rxc5 Nd7 30. Rc7 Qb4 {[#] White must now prevent ...Qb6+.} 31. Qc1 Qb6+ 32. Kf1 Ba6 33. Qc6 Bxe2+ 34. Kxe2 Qg1 35. Rxd7 $14 {Chess con chili.} Qxg2+ 36. Ke3 Qg1+ 37. Kd2 (37. Kd3 $1 $14 Qf1+ 38. Kc2 Rxd7 39. Qxd7) 37... Qxh2+ 38. Kc3 Rxd7 39. Qxd7 Qf4 40. Nd2 Qe3+ 41. Qd3 Qf4 42. Nf1 (42. Qa6 $14) 42... h5 43. Qe3 Qxe3+ {The position is equal.} 44. Nxe3 $11 {[%mdl 4096] Endgame KN-KP} Kf6 45. Kd3 Kg5 46. Ke2 f5 47. exf5 gxf5 48. Nd5 h4 49. a4 e4 50. a5 Kg6 51. a6 exf3+ 52. Kxf3 {KN-K3P} Kf7 53. Nc7 Ke7 54. Nb5 Kd7 55. Nxa7 Kc7 56. Nb5+ Kb6 57. a7 Kb7 {Weighted Error Value: White=0.10 (very precise) /Black=0.08 (flawless)} 1/2-1/2

[Event "Svetozar Gligoric Masters 2022"]
[Site "Belgrade"]
[Date "2022.07.22"]
[Round "8.21"]
[White "Srija, Seshadri"]
[Black "Radusinovic, Lazar"]
[Result "1/2-1/2"]
[ECO "B32"]
[WhiteElo "2208"]
[BlackElo "2350"]
[Annotator "TA"]
[PlyCount "122"]
[EventDate "2022.07.18"]
[EventCountry "SRB"]
[SourceTitle "playchess.com"]
[Source "ChessBase"]
[SourceQuality "1"]
[TimeControl "40/5400+30:900+30"]

1. e4 c5 2. Nf3 Nc6 3. d4 cxd4 4. Nxd4 e5 5. Nb5 d6 6. c4 Be7 7. N1c3 a6 8. Na3 f5 9. exf5 Bxf5 10. Bd3 Be6 11. O-O Nf6 12. Nc2 {B32: Sicilian: Löwenthal and Kalashnikov Variations.} O-O 13. Ne3 Nd4 14. b3 {White is slightly better.} Rc8 15. Bb2 Qd7 16. Ncd5 Bd8 {[#] Inhibits Nb6.} 17. Kh1 $146 ({Predecessor:} 17. Nxf6+ Bxf6 18. Nd5 Bxd5 19. cxd5 Qf7 20. Be4 b5 21. Ba3 Be7 22. Bb2 Bf6 23. Ba3 Be7 24. Bb2 Bf6 {½-½ (24) Galani,D (1483)-Karavitaki,A (1481) Rethymno 2019}) 17... b5 {[#]} (17... Nxd5 $11 {remains equal.} 18. cxd5 Bf5) 18. Ba3 ({White should try} 18. f4 $1 $16) 18... bxc4 (18... Bxd5 $5 19. Nxd5 Nxd5 20. cxd5 Ba5 $11) 19. Bxc4 Kh8 20. Rc1 a5 21. Bb2 ({Better is} 21. f4 $16 {Hoping for fxe5.} Nxd5 22. Nxd5) 21... Qf7 {[%cal Rf6d5] [#]} 22. f4 $1 Nxd5 (22... Bxd5 23. fxe5 Bxc4 24. Rxc4 Rxc4 25. Nxc4 (25. exf6 Rb4 $16) 25... dxe5 26. Nxe5 $16) (22... Qe8 23. fxe5) 23. fxe5 {[%mdl 64] Discovered Attack} Nxe3 (23... Qe8 $14 24. Nxd5 (24. Qxd4 $2 Bb6 $19) 24... dxe5) 24. Rxf7 $16 {The board is on fire.} Rxf7 25. Qxd4 Nxc4 (25... Bg5 $142 26. Ba6 (26. Qxd6 Bxc4 27. bxc4 Nxc4 $15) 26... Rcf8) 26. bxc4 $18 Rxc4 27. Qd3 Rxc1+ 28. Bxc1 Bxa2 29. Be3 ({But not} 29. exd6 $6 Be6 30. h3 h6 $18) 29... Rb7 (29... h6 $142 30. Kg1 (30. exd6 Be6 $18) 30... Kg8 31. exd6 Rd7) 30. h3 Bh4 31. exd6 Bg8 32. Bc5 Bd8 33. Kh2 Bf6 34. Bd4 {Bxf6 is the strong threat.} Bxd4 35. Qxd4 {[%mdl 4096] Endgame And now d7 would win. KQ-KRB} Rd7 36. Qc5 h6 37. Kg3 a4 38. Kf4 Rd8 39. Ke5 Ra8 40. d7 a3 41. Qxa3 $2 Rxa3 $16 42. d8=Q {Inhibits Rd3. KQ-KRB} Rg3 43. Qd2 Ra3 44. Qb4 Rg3 45. Qe4 Rc3 46. Qa8 Rb3 47. Kf4 Rb4+ 48. Kg3 Rb3+ 49. Kh2 Rb4 50. Qd8 Rb5 51. h4 Rd5 52. Qa8 Rd2 53. Kh3 Re2 (53... Rd3+ $14 54. g3 Re3) 54. g4 ({Don't do} 54. Qd8 Re3+ 55. Kh2 Re4 $16) 54... Ra2 55. Qf8 Ra6 56. g5 Rc6 57. Kg3 Rc3+ 58. Kg4 Rc4+ 59. Kh5 Rc6 60. Kg4 Rc4+ $1 61. Kh5 Rc6 $1 {Black escapes into a draw.  Weighted Error Value: White=0.20 (precise) /Black=0.35} 1/2-1/2

[Event "Svetozar Gligoric Masters 2022"]
[Site "Belgrade"]
[Date "2022.07.22"]
[Round "8.22"]
[White "Karaokcu, Erkin"]
[Black "Veselov, Yaroslav"]
[Result "1-0"]
[ECO "A20"]
[WhiteElo "2302"]
[BlackElo "2206"]
[Annotator "TA"]
[PlyCount "87"]
[EventDate "2022.07.18"]
[EventCountry "SRB"]
[SourceTitle "playchess.com"]
[Source "ChessBase"]
[SourceQuality "1"]
[TimeControl "40/5400+30:900+30"]

1. c4 e5 2. g3 c6 3. d4 e4 4. d5 Bb4+ 5. Nc3 Qe7 6. Nh3 {A20: English Opening: 1...e5.} Nf6 7. Bg2 {[#]} cxd5 $146 ({Predecessor:} 7... O-O 8. O-O Bxc3 9. bxc3 d6 10. Qc2 cxd5 11. cxd5 Nxd5 12. Bxe4 Bxh3 13. Bxd5 Bxf1 14. Kxf1 {0-1 (19) MacKenzie,C (2040)-Milliet,S (2390) Europe Echecs INT 2021}) 8. cxd5 (8. O-O $14) 8... Bxc3+ $11 9. bxc3 d6 $1 10. Qa4+ Bd7 11. Qb4 Bxh3 12. Bxh3 O-O 13. Qd4 h6 14. O-O Na6 15. c4 Nc5 16. Bb2 Rae8 17. Rab1 b6 18. Ba1 Qd8 19. Rbe1 Re7 20. f3 Qe8 21. f4 Qd8 (21... Qa4 $11) 22. Bf5 $1 $16 Rc7 $2 {Loses the game.} (22... e3 $16) 23. Kh1 $1 $18 Qe7 24. Rg1 {Hoping for g4.} Ne8 25. g4 $1 {Black must now prevent g5.} Qf6 (25... f6 {was necessary.} 26. Bg6 Nd7 27. Bxe4 Qf7) 26. Qe3 Qh4 27. Ref1 {And now Rg3 would win.} g6 {[#]} 28. Qd4 Kh7 29. Bxe4 Nxe4 30. Qxe4 Qe7 31. Qd3 f5 $2 (31... b5 {was worth a try.} 32. cxb5 Nf6) 32. gxf5 gxf5 33. Rf3 {Strongly threatening Re3.} Qe4 {[#]} 34. Qxe4 $1 fxe4 35. Rfg3 Rff7 $2 (35... a6 36. Rg6 Re7) 36. Rg8 Nf6 37. R8g6 Nh5 38. e3 Rxc4 $2 (38... Rcd7 $18 39. Re6 Ng7 40. Rxe4 Rc7) 39. Rxd6 (39. Rg8 $142 Rc8 40. Rxc8 Ng7 41. Rd8 Rc7 42. Bxg7 Rxg7 43. Rxg7+ Kxg7 44. Rxd6) 39... Rc8 40. Re6 Rg8 (40... Ng7 $142 41. Rxe4 Rd8) 41. Rxg8 Kxg8 42. Rxh6 Ng7 43. Rg6 b5 44. d6 {Weighted Error Value: White=0.30/Black=0.78} 1-0

[Event "Svetozar Gligoric Masters 2022"]
[Site "Belgrade"]
[Date "2022.07.22"]
[Round "8.23"]
[White "Omorjan, Dejan"]
[Black "Lever, Erwan"]
[Result "1-0"]
[ECO "B40"]
[WhiteElo "2290"]
[BlackElo "2178"]
[Annotator "TA"]
[PlyCount "53"]
[EventDate "2022.07.18"]
[EventCountry "SRB"]
[SourceTitle "playchess.com"]
[Source "ChessBase"]
[SourceQuality "1"]
[TimeControl "40/5400+30:900+30"]

1. e4 c5 2. Nf3 e6 3. g3 Nc6 4. Bg2 Nf6 5. Qe2 e5 6. O-O {B40: Sicilian: 2...e6, Unusual lines.} Be7 7. c3 O-O 8. Na3 $1 {The position is equal. The main line 8.Na3 scores better than 8.Rd1.} d5 9. exd5 Qxd5 10. d3 {[#]} Rd8 $146 ({Predecessor:} 10... Bf5 11. Re1 Bd6 12. Nd4 Qxg2+ 13. Kxg2 exd4 14. Nc4 Rfe8 15. Qd1 Bc7 16. Rxe8+ Rxe8 {1-0 (39) Mishra,A (2524)-Rosen,E (2359) Reykjavik 2022}) 11. Nc4 Bg4 12. Re1 Bf8 13. h3 (13. Ncxe5 Nxe5 14. Nxe5 Bxe2 $11) ({Of course not} 13. Nfxe5 $6 Bxe2 14. Bxd5 Nxe5 15. Rxe2 (15. Nxe5 Rxd5 16. Rxe2 Re8 $11) 15... Rxd5 $11) 13... Bxf3 14. Bxf3 Qd7 15. Qf1 ({Wrong is} 15. Nxe5 $2 Nxe5 16. Rd1 (16. Qxe5 $2 Re8 $19) 16... Nxd3 $19) 15... Re8 16. Bg5 Qf5 17. Bxc6 bxc6 18. Bxf6 gxf6 19. Re4 Red8 20. Qe2 Bg7 $2 {[#] Loses the game.} (20... Bh6 $16 {was worth a try.} 21. Rd1 Rd5) 21. Ne3 $18 Qd7 (21... Qe6 22. Qh5 f5) 22. Qh5 Qxd3 23. Rg4 Kh8 24. Nf5 Rg8 25. Rh4 {[%csl Gh4][%cal Rh5h7] [#]} Bh6 26. Rd1 Bg7 27. Qxh7# {Weighted Error Value: White=0.03 (flawless) /Black=0.77} 1-0

[Event "Svetozar Gligoric Masters 2022"]
[Site "Belgrade"]
[Date "2022.07.22"]
[Round "8.24"]
[White "Han, Yichen"]
[Black "Ilijic, Mihajilo"]
[Result "1-0"]
[ECO "A15"]
[WhiteElo "2286"]
[BlackElo "2167"]
[Annotator "TA"]
[PlyCount "79"]
[EventDate "2022.07.18"]
[EventCountry "SRB"]
[SourceTitle "playchess.com"]
[Source "ChessBase"]
[SourceQuality "1"]
[TimeControl "40/5400+30:900+30"]

1. c4 Nf6 2. g3 g6 3. Bg2 d5 4. cxd5 Nxd5 5. Qb3 Nb6 6. Qc3 {A15: English Opening: 1...Nf6.} f6 7. d4 Bg7 8. Nf3 {White is slightly better.} Nc6 9. O-O O-O 10. Rd1 Be6 {[#]} 11. b3 $146 ({Predecessor:} 11. Qe1 Qc8 12. Nc3 Nb4 13. Qf1 Rd8 14. b3 Nc2 15. Rb1 c5 16. dxc5 Qxc5 17. Bb2 Nb4 18. Rbc1 Qa5 19. Nd4 Bc8 20. a3 N4d5 21. b4 Qa6 22. b5 {1-0 (22) Christiansen,J (2391)-Mico,T (2075) Porec 2015}) 11... Bf7 12. Bb2 a5 13. e4 f5 14. Ng5 (14. exf5 $14 gxf5 15. Nbd2) 14... fxe4 (14... e5 $1 $15 15. Nxf7 Rxf7) 15. Nxf7 Rxf7 16. Bxe4 (16. Na3 $11) 16... Qd6 (16... Nd5 17. Qd2 $11) (16... e5 $1 $15) 17. Na3 $11 Nd5 (17... e5 $11) 18. Qe1 {Black must now prevent Nb5.} e6 19. Nc4 Qd7 (19... Qb4 $14) 20. Bg2 Raf8 21. Rd2 Bh6 22. Re2 {[%csl LRa5,LRe6] Hoping for Bh3.} b5 23. Ne5 (23. Bh3 $16 bxc4 24. Bxe6) 23... Nxe5 24. Rxe5 {Bh3 is the strong threat.} Rxf2 25. Qxf2 (25. Bh3 $1 $11 Qd6 26. Bxe6+ Kg7 27. Rxd5 Rf1+ 28. Qxf1 Rxf1+ 29. Rxf1 Qxe6 30. Re5 (30. Rxb5 $2 Be3+ 31. Kg2 Qe4+ 32. Rf3 Qc2+ 33. Kh3 Bg1 $19)) 25... Rxf2 $19 26. Kxf2 Qc6 $2 ({Black should try} 26... Bg7 $19 27. Ree1 c5) 27. Rae1 (27. Re2 $1 $11) 27... Qc2+ 28. R1e2 Bd2 $1 29. Ba1 {[#]} ({Of course not} 29. Bh3 Nb4 30. Bxe6+ Kg7 $17) (29. Bxd5 $15 exd5 30. Ba1 (30. Re8+ Kg7 $17)) 29... Qxa2 $2 {[%mdl 8192] This costs Black the game.} (29... Ne3 $1 $17 {[%cal Re3g4][%mdl 512] and life is bright. aiming for ...Ng4+.} 30. Bh3 (30. R5xe3 $2 Bxe3+ 31. Kxe3 Qc1+ 32. Ke4 Qb1+ 33. Ke3 Qxa1 $19) 30... Qxa2 31. Bxe6+ Kf8) 30. Bxd5 $18 {[%mdl 64] Remove Defender} exd5 (30... Qxa1 31. Bxe6+ Kg7) 31. Bc3 $1 {[%mdl 64] Pin} Qxb3 32. Bxd2 (32. Re8+ $142 Kf7 33. Bxd2) 32... g5 33. Bxg5 (33. Re8+ $142 Kg7 34. R8e7+ Kg8 35. Rxc7 Qa3 36. Re8+ Qf8+ 37. Rxf8+ Kxf8 38. Bxa5) 33... Qc4 34. Re8+ {White mates.} Kf7 35. R2e7+ Kg6 36. Rg8+ Kh5 37. Rxh7+ Kg4 38. Rf7 Qc2+ 39. Bd2+ Kh3 40. Rh8+ {Weighted Error Value: White=0.41/Black=0.69} 1-0

[Event "Svetozar Gligoric Masters 2022"]
[Site "Belgrade"]
[Date "2022.07.23"]
[Round "9.1"]
[White "Petrov, Nikita"]
[Black "Predke, Alexandr"]
[Result "1/2-1/2"]
[ECO "D02"]
[WhiteElo "2558"]
[BlackElo "2688"]
[Annotator "TA"]
[PlyCount "25"]
[EventDate "2022.07.18"]
[EventCountry "SRB"]
[SourceTitle "playchess.com"]
[Source "ChessBase"]
[SourceQuality "1"]
[TimeControl "40/5400+30:900+30"]

1. d4 Nf6 2. Nf3 e6 3. Bf4 d5 4. e3 c5 5. Nbd2 Nc6 6. c3 Nh5 $1 {[%mdl 4] 6...Nh5 is setting a new trend.} 7. Bg5 {D02: 1 d4 d5 2 Nf3 sidelines, including 2...Nf6 3 g3 and 2...Nf6 3 Bf4.} f6 8. Bh4 g6 9. Rc1 $5 {[%mdl 4] The position is equal. An interesting side line.} Be7 10. dxc5 Bxc5 11. Be2 {[#]} Be7 $146 ({Predecessor:} 11... O-O 12. O-O Ng7 13. c4 dxc4 14. Bxc4 Be7 15. e4 Kh8 16. Qe2 e5 17. Rfd1 Qb6 {1-0 (62) Tang,A (2508)-Lenderman,A (2622) Chess.com INT 2022}) 12. O-O O-O 13. c4 {An uneventful encounter.  Weighted Error Value: White=0.01 (flawless) /Black=0.02 (flawless)} 1/2-1/2

[Event "Svetozar Gligoric Masters 2022"]
[Site "Belgrade"]
[Date "2022.07.23"]
[Round "9.2"]
[White "Koustav Chatterjee"]
[Black "Atalik, Suat"]
[Result "1-0"]
[ECO "D45"]
[WhiteElo "2485"]
[BlackElo "2446"]
[Annotator "TA"]
[PlyCount "49"]
[EventDate "2022.07.18"]
[EventCountry "SRB"]
[SourceTitle "playchess.com"]
[Source "ChessBase"]
[SourceQuality "1"]
[TimeControl "40/5400+30:900+30"]

1. d4 d5 2. c4 c6 3. Nc3 Nf6 4. e3 e6 5. Nf3 Nbd7 6. Qc2 b6 7. Bd3 Bb7 8. e4 {D45: Semi-Slav: 5 e3.} dxe4 9. Nxe4 c5 {[#]} 10. O-O $146 {[%cal Od4d5] The position is equal.} (10. d5 $5) ({Predecessor:} 10. dxc5 Bxc5 11. Bg5 h6 12. Bh4 Bb4+ 13. Nc3 Rc8 14. O-O-O Bxc3 15. Qxc3 b5 16. Kb1 bxc4 17. Bxc4 {½-½ (55) Gailiunaite,S (1730)-Pilipaviciute,A (1572) Panevezys 2015}) 10... cxd4 11. Nxd4 Nc5 12. Nxc5 Bxc5 13. Nb3 Bd6 14. c5 bxc5 15. Nxc5 Bd5 16. Qa4+ Kf8 $132 {[%mdl 2048] Black is fighting back} 17. Be3 h5 {[#] Threatens to win with ...Ng4.} 18. h3 {Against Ng4} Ng4 19. hxg4 {Active counter play!} Bh2+ $2 20. Kxh2 $18 {White is clearly winning.} hxg4+ 21. Kg1 Bf3 {[%cal Od8h4] [#] ( -> ...Qh4!)} 22. Nxe6+ fxe6 23. Qf4+ ({Not} 23. Qa3+ Kf7 24. Qa4 (24. gxf3 Qh4) 24... Qxd3 25. gxf3 gxf3 $16) 23... Kg8 24. Bg6 ({Don't blunder} 24. gxf3 $2 Qh4 25. Qh6 (25. Bh7+ {gets mated.} Rxh7) 25... Rxh6 26. Bxh6 gxf3 $19) 24... Qf8 {Against Qf7+} 25. gxf3 {Weighted Error Value: White=0.08 (flawless) /Black=0.35} 1-0

[Event "Svetozar Gligoric Masters 2022"]
[Site "Belgrade"]
[Date "2022.07.23"]
[Round "9.3"]
[White "Shahil Dey"]
[Black "Neelash Saha"]
[Result "1/2-1/2"]
[ECO "B15"]
[WhiteElo "2402"]
[BlackElo "2446"]
[Annotator "TA"]
[PlyCount "55"]
[EventDate "2022.07.18"]
[EventCountry "SRB"]
[SourceTitle "playchess.com"]
[Source "ChessBase"]
[SourceQuality "1"]
[TimeControl "40/5400+30:900+30"]

1. e4 c6 2. d4 d5 3. Nd2 dxe4 4. Nxe4 Nf6 5. Nxf6+ exf6 6. c3 Bd6 7. Bd3 O-O 8. Qc2 {Active counter play!} Re8+ {B15: Caro-Kann: 3 Nc3: 3...g6 and 3...dxe4 4 Nxe4 Nf6 5 Nxf6+ exf6.} 9. Ne2 h5 10. O-O h4 11. Bf4 Na6 (11... Rxe2 $2 12. Qxe2 Bxf4 13. Qe4 $18) 12. Rfe1 Nc7 (12... Rxe2 $2 13. Qxe2 Bf5 14. Bxf5 $18) 13. Qd2 Bf8 {[#]} 14. h3 $146 ({Predecessor:} 14. c4 Ne6 15. h3 Nxf4 16. Qxf4 f5 17. Bxf5 Bxf5 18. Qxf5 Bb4 19. Nc3 Qxd4 20. Rxe8+ Rxe8 {0-1 (26) Shahil,D (2400)-Gukesh,D (2614) New Delhi 2022}) 14... Ne6 15. Be3 Ng5 16. c4 Ne4 17. Bxe4 (17. Qc2 $5 f5 18. Nc3 $14) 17... Rxe4 18. a3 Re7 19. Rad1 Bf5 20. Nc3 Rd7 21. Qe2 $1 Be6 22. Rd2 Qa5 {Prevents d5.} (22... Rc8 $14) 23. d5 $16 cxd5 24. cxd5 Bf5 (24... Bxd5 $2 25. Red1 Qa6 26. Qxa6 bxa6 27. Nxd5 $18) 25. Qh5 (25. Rd4 $16) 25... Bg6 $14 {White is slightly better.} 26. Qxh4 Bxa3 $1 27. Ra1 Qb4 28. Qxb4 {Weighted Error Value: White=0.08 (flawless) /Black=0.10 (very precise)} 1/2-1/2

[Event "Svetozar Gligoric Masters 2022"]
[Site "Belgrade"]
[Date "2022.07.23"]
[Round "9.4"]
[White "Arjun Kalyan"]
[Black "Sedlak, Nikola"]
[Result "1-0"]
[ECO "C55"]
[WhiteElo "2499"]
[BlackElo "2480"]
[Annotator "TA"]
[PlyCount "77"]
[EventDate "2022.07.18"]
[EventCountry "SRB"]
[SourceTitle "playchess.com"]
[Source "ChessBase"]
[SourceQuality "1"]
[TimeControl "40/5400+30:900+30"]

1. e4 e5 2. Nf3 Nc6 3. Bc4 Nf6 4. d3 Be7 5. O-O O-O 6. Nc3 d6 7. a4 $1 {[%mdl 4] 7.a4 is a critical line.} h6 8. h3 Re8 {[#] C55: Two Knights: 4 d3, 4 d4 exd4 5 e5 and Max Lange Attack.} 9. d4 $146 ({Predecessor:} 9. Be3 b6 10. Nd2 Bb7 11. f4 exf4 12. Bxf4 Nd4 13. Nf3 Nxf3+ 14. Qxf3 a6 15. Bd2 Qd7 16. Qg3 g5 17. h4 g4 18. Bxh6 Kh7 19. Be3 Nh5 20. Rxf7+ Kg6 21. Qf2 Rf8 22. Qf5+ Qxf5 23. exf5# {1-0 (23) Xiong,F (1489)-Deguenther,J (976) Verden/Aller 2007}) 9... Bf8 10. d5 Ne7 {[%cal Bc6e7,Be7g6,Bg6f4][%mdl 32] White has an edge.} 11. a5 a6 12. b4 g5 13. Nh2 Ng6 14. Ng4 Nf4 15. Be2 Bg7 16. Nxf6+ Qxf6 17. Bg4 Qg6 18. g3 f5 $2 {This costs Black the game.} (18... Nxh3+ $14 19. Kh2 Bxg4 20. Qxg4 Nf4) 19. gxf4 $18 ({Don't play} 19. exf5 $6 Bxf5 20. gxf4 gxf4 $16) 19... gxf4 20. exf5 Bxf5 {And now ...h5 would win.} 21. Kh2 Bxc2 22. Qd2 Kh8 23. Rg1 Qh7 24. Bb2 Bf6 25. Rac1 Bg6 26. f3 Bh4 $2 (26... Re7 {keeps fighting.} 27. Qe1 (27. Be6 Bf5 $18) 27... Bg5) 27. Ne2 {[%cal Bc3e2,Be2f4,Bf4e6][%mdl 32] aiming for Nxf4.} Bf2 {[#]} (27... Rf8 $142 28. Nxf4 Bg5 29. Nxg6+ Qxg6) 28. Nxf4 $1 Bxg1+ 29. Rxg1 ({Weaker is} 29. Kxg1 Bf5 30. Ng2 Bxg4 31. hxg4 Rg8 $16) 29... Rg8 30. Ne6 {f4 is the strong threat.} Bd3 31. f4 h5 {[#]} 32. fxe5 $1 Rxg4 33. exd6+ (33. Ng5 $142 Qg6 34. e6+ Kg8 35. hxg4) 33... Kg8 34. hxg4 hxg4+ 35. Kg3 Qh3+ 36. Kf2 {Qg5+ would kill now.} Qh2+ 37. Rg2 {White mates.} Qh4+ 38. Kg1 Be4 39. Qc3 {Weighted Error Value: White=0.09 (flawless) /Black=0.68} 1-0

[Event "Svetozar Gligoric Masters 2022"]
[Site "Belgrade"]
[Date "2022.07.23"]
[Round "9.5"]
[White "Makarian, Rudik"]
[Black "Ohanyan, Emin"]
[Result "1-0"]
[ECO "E04"]
[WhiteElo "2533"]
[BlackElo "2354"]
[Annotator "TA"]
[PlyCount "59"]
[EventDate "2022.07.18"]
[EventCountry "SRB"]
[SourceTitle "playchess.com"]
[Source "ChessBase"]
[SourceQuality "1"]
[TimeControl "40/5400+30:900+30"]

1. d4 Nf6 2. c4 e6 3. Nf3 d5 4. g3 dxc4 5. Bg2 a6 6. O-O Nc6 7. e3 Bd7 8. a4 {[%mdl 1024] White has compensation. E04: Open Catalan: 5 Nf3.} Rb8 9. a5 Bb4 10. Bd2 $1 {White has an edge.} O-O 11. Qc2 Qe7 12. Qxc4 {[#]} Bd6 $146 ({Predecessor:} 12... Rfc8 13. Rc1 Bxd2 14. Nbxd2 e5 15. d5 Nb4 16. Nxe5 Qxe5 17. Qxb4 Nxd5 18. Qc5 Be6 {1-0 (38) Konopka,M (2451)-Schoebel,W (2230) Germany 2003}) 13. Bc3 (13. Nc3 {is more complex.} e5 14. Ng5 Bf5 15. d5) 13... e5 14. dxe5 (14. Nxe5 {is interesting.} Nxe5 15. dxe5 Bxe5 16. Bxe5 Qxe5 17. Qc3) 14... Nxe5 15. Bxe5 Bxe5 16. Nxe5 Qxe5 17. Nc3 Be6 18. Qf4 Qxf4 19. gxf4 Rfd8 20. Rfd1 Rxd1+ 21. Rxd1 Kf8 22. b4 b6 $2 {A mistake that costs the game.} (22... Ke7 $11) 23. b5 $18 Bc4 $2 {[#]} (23... Bc8) 24. Rd4 $1 bxa5 25. Rxc4 axb5 26. Rxc7 b4 27. Na4 b3 28. Rb7 Rc8 29. Rxb3 Rc4 30. Nc3 {Weighted Error Value: White=0.04 (flawless) /Black=0.39} 1-0